 Dungeon Crawl Stone Soup version 0.31.0-9-g3a7656b989 (webtiles) character file.

Game seed: 917861475796853406

529 qw the Skirmisher (level 7, -1/40 HPs)
             Began as a Deep Elf Hunter on Feb 2, 2024.
             Succumbed to a water moccasin's poison
             ... on level 5 of the Dungeon.
             The game lasted 00:00:18 (3811 turns).

qw the Skirmisher (Deep Elf Hunter)                 Turns: 3811, Time: 00:00:18

Health: -1/40      AC:  8    Str:  8 (10) XL:     7   Next: 3%
Magic:  9/9        EV: 11    Int: 14      God:
Gold:   236        SH:  0    Dex: 17 (18) Spells: 6/6 levels left

rFire   + . .        a - +1 shortbow
rCold   . . .        (shield currently unavailable)
rNeg    . . .        b - +0 ring mail
rPois   .            q - +0 helmet
rElec   .            k - +0 cloak
rCorr   .            i - +0 pair of gloves
SInv    .            (no boots)
Will    .....        (no amulet)
Stlth   +            j - ring of protection from fire
HPRegen 0.26/turn    (no ring)
MPRegen 0.11/turn

%: no passive effects
@: lethally poisoned (-1 -> -19), about to teleport
A: no striking features
a: no special abilities


You were on level 5 of the Dungeon.
You visited 1 branch of the dungeon, and saw 5 of its levels.

You collected 236 gold pieces.


   Skills:
 - Level 2.1 Fighting
 + Level 10.0 Ranged Weapons
 - Level 1.7 Armour
 - Level 3.3 Dodging
 - Level 1.2 Stealth


You had 6 spell levels left.
You didn't know any spells.
Your spell library was empty.

Inventory:

Hand Weapons
 a - a +1 shortbow (weapon)
Armour
 b - a +0 ring mail (worn)
 i - a +0 pair of gloves (worn)
 k - a +0 cloak (worn)
 q - a +0 helmet (worn)
Jewellery
 j - a ring of protection from fire (left hand)
Wands
 m - a wand of roots (9)
 n - a wand of paralysis (4)
 p - a wand of flame (15)
Scrolls
 c - a scroll of blinking {unknown}
Potions
 f - a potion of might
 l - a potion of curing {unknown}
 t - a potion of mutation {unknown}

Dungeon Overview and Level Annotations

Branches:
Dungeon (5/15)
 Temple: D:4-7

Altars:
Xom

Annotations:
D:3 3 runed translucent doors, qw's ghost, amateur DEHu


Message History

The arrow barely misses the water moccasin.
The water moccasin bites you.
The water moccasin bites you but does no damage.
You shoot an arrow.
The arrow completely misses the water moccasin.
The water moccasin barely misses you.
You shoot an arrow.
The arrow hits the water moccasin but does no damage.
The water moccasin is lightly wounded.
The water moccasin closely misses you. The water moccasin barely misses you.
You shoot an arrow. The arrow hits the water moccasin.
The water moccasin is moderately wounded.
The water moccasin bites you but does no damage.
You shoot an arrow. The arrow hits the water moccasin.
The water moccasin is heavily wounded.
The water moccasin bites you.
You are poisoned.
The water moccasin poisons you! The water moccasin barely misses you.
You shoot an arrow.
The arrow closely misses the water moccasin.
You feel very sick. The water moccasin barely misses you.
You shoot an arrow. The arrow misses the water moccasin.
You feel sick.
The water moccasin bites you but does no damage.
The water moccasin barely misses you.
You shoot an arrow.
The arrow closely misses the water moccasin.
You feel sick. The water moccasin bites you!
You are lethally poisoned!
The water moccasin poisons you!
3810 ||| READING scroll of teleportation.
As you read the scroll of teleportation, it crumbles to dust.
You feel strangely unstable.
You feel very sick.
The water moccasin bites you but does no damage.
The water moccasin closely misses you.
You shoot an arrow.
The arrow closely misses the water moccasin.
You die...

#.#... #.#.#
#..#.#..# #.#.#
#..#.#..##.#.#.#
#..#.#..##.#.#.#
#..#.#..##.#.#.#
##..#.#..##.#.#.#####
...#.#..##.......<..
###S#.#..##..#.....##
#...@......#...#####
#.#...........##
######.#.####
#.......# #.......#
#....<..# ...........
###.......###
........#


You could see a water moccasin.

Vanquished Creatures
  Sigmund (D:3)
  An ice beast (D:5)
  A bombardier beetle (D:4)
  Natasha (thrice) (D:3)
  Robin (D:4)
  3 gnolls (D:4)
  4 adders
  A dart slug (D:1)
  A ribbon worm (D:3)
  2 orcs
  8 endoplasms
  2 giant cockroaches (D:4)
  14 goblins
  14 hobgoblins
  3 jackals (D:2)
  2 quokkas
  8 ball pythons
  4 bats
  2 frilled lizards
  4 kobolds
  9 rats
88 creatures vanquished.

Notes
Turn   | Place    | Note
-------+----------+-------------------------------------------
     0 | D:1      | qw the Deep Elf Hunter began the quest for the Orb.
     0 | D:1      | Reached XP level 1. HP: 12/12 MP: 3/3
     0 | D:1      | 0 ||| qw: Version: 0.3-a-155-g5e7d8dd
     0 | D:1      | 0 ||| qw: Game counter: 2601
     0 | D:1      | 0 ||| qw: Melee chars always use a shield: true
     0 | D:1      | 0 ||| qw: God list: Okawaru
     0 | D:1      | 0 ||| qw: Allow faded altars: false
     0 | D:1      | 0 ||| qw: Do Orc after clearing Dungeon:15 true
     0 | D:1      | 0 ||| qw: Do second Lair branch before Depths: true
     0 | D:1      | 0 ||| qw: Lair rune preference: random
     0 | D:1      | 0 ||| qw: Goals: Normal
     0 | D:1      | 0 ||| PLANNING D:1-11
   127 | D:1      | Reached XP level 2. HP: 16/16 MP: 4/4
   148 | D:1      | Reached skill level 6 in Ranged Weapons
   326 | D:1      | Found a faded altar of an unknown god.
   569 | D:1      | Reached XP level 3. HP: 20/20 MP: 5/5
   766 | D:1      | 766 ||| READING scroll labelled NOXEXAPSIWK.
   766 | D:1      | 766 ||| ENCHANTING +0 shortbow.
   767 | D:1      | 767 ||| READING scroll labelled TIABLA DIEKKO.
   771 | D:1      | 771 ||| READING scroll labelled SUBRERPH YCIO.
   771 | D:1      | 771 ||| IDENTIFYING blue potion
   772 | D:1      | 772 ||| READING scroll labelled SELUSUC LIOL.
   773 | D:1      | 773 ||| DROPPING scroll of butterflies.
   774 | D:1      | 774 ||| DROPPING potion of attraction.
  1002 | D:2      | Reached skill level 7 in Ranged Weapons
  1680 | D:2      | 1680 ||| UPGRADING to +0 cloak.
  1685 | D:2      | 1685 ||| UPGRADING to ring of protection from fire.
  1686 | D:2      | 1686 ||| READING scroll labelled GONLUBLU TOEDD.
  1787 | D:2      | 1787 ||| READING scroll labelled NUSCHYN JAAN.
  1888 | D:2      | 1888 ||| DRINKING 2 golden potions.
  1889 | D:2      | 1889 ||| DRINKING 2 bubbling sapphire potions.
  2080 | D:3      | Noticed Sigmund
  2090 | D:3      | Killed Sigmund
  2091 | D:3      | Reached skill level 9 in Ranged Weapons
  2091 | D:3      | Reached XP level 4. HP: 18/25 MP: 6/6
  2091 | D:3      | Reached XP level 5. HP: 21/29 MP: 7/7
  2297 | D:3      | Found a runed translucent gate.
  2297 | D:3      | Found a runed translucent gate.
  2297 | D:3      | Found a runed translucent gate.
  2297 | D:3      | Noticed qw's ghost (amateur DEHu)
  2392 | D:3      | Noticed Natasha
  2395 | D:3      | 2395 ||| FLEEEEING.
  2396 | D:3      | 2396 ||| FLEEEEING.
  2397 | D:3      | 2397 ||| FLEEEEING.
  2398 | D:3      | 2398 ||| FLEEEEING.
  2400 | D:3      | 2400 ||| STAIRDANCE
  2432 | D:2      | 2432 ||| UPGRADING to +0 pair of gloves.
  2437 | D:2      | 2437 ||| READING scroll of identify.
  2437 | D:2      | 2437 ||| IDENTIFYING coppery potion
  2438 | D:2      | 2438 ||| DROPPING potion of lignification.
  2447 | D:3      | Killed Natasha
  2448 | D:3      | Reached skill level 3 in Dodging
  2540 | D:3      | Noticed Natasha
  2548 | D:3      | 2548 ||| RETREEEEATING.
  2549 | D:3      | 2549 ||| RETREEEEATING.
  2550 | D:3      | Killed Natasha
  2551 | D:3      | Reached XP level 6. HP: 26/35 MP: 8/8
  2759 | D:3      | Noticed Natasha
  2761 | D:3      | Killed Natasha
  2887 | D:3      | 2887 ||| READING scroll labelled GOLEOCZETI.
  3019 | D:4      | Identified the +9 long sword of Narrow Honour {holy,
                  | *Corrode rC+ rN+++ Str+2}
  3058 | D:4      | Noticed Robin
  3072 | D:4      | HP: 7/35 [hobgoblin[Robin] (3)]
  3073 | D:4      | 3073 ||| READING scroll of teleportation.
  3073 | D:4      | HP: 2/35 [goblin/+0 club[Robin] (4)]
  3074 | D:4      | 3074 ||| DRINKING potion of heal wounds.
  3312 | D:4      | Found a shimmering altar of Xom.
  3352 | D:4      | Killed Robin
  3353 | D:4      | Reached skill level 10 in Ranged Weapons
  3701 | D:4      | 3701 ||| UPGRADING to +0 ring mail.
  3711 | D:4      | 3711 ||| DROPPING +0 leather armour.
  3712 | D:4      | 3712 ||| UPGRADING to +0 helmet.
  3717 | D:4      | 3717 ||| DROPPING ring of flight.
  3718 | D:4      | 3718 ||| READING 2 scrolls of identify.
  3718 | D:4      | 3718 ||| IDENTIFYING dark potion
  3719 | D:4      | 3719 ||| READING scroll of identify.
  3719 | D:4      | 3719 ||| IDENTIFYING brown potion
  3720 | D:4      | 3720 ||| READING scroll labelled ZOUTETOEGH.
  3721 | D:4      | 3721 ||| DRINKING 2 silvery potions.
  3722 | D:4      | 3722 ||| DROPPING potion of invisibility.
  3723 | D:4      | 3723 ||| DROPPING potion of degeneration.
  3724 | D:4      | 3724 ||| DROPPING potion of magic.
  3759 | D:5      | Entered Level 5 of the Dungeon
  3767 | D:5      | Noticed an ice beast
  3768 | D:5      | 3768 ||| ZAPPING wand of paralysis (7) at -1,-4 (ice beast;
                  | floor).
  3769 | D:5      | 3769 ||| ZAPPING wand of paralysis (6) at -1,-3 (ice beast;
                  | floor).
  3770 | D:5      | 3770 ||| ZAPPING wand of paralysis (5) at -1,-2 (ice beast;
                  | floor).
  3775 | D:5      | Killed an ice beast
  3776 | D:5      | Reached skill level 1 in Armour
  3776 | D:5      | Reached XP level 7. HP: 40/40 MP: 9/9
  3809 | D:5      | HP: 9/40 [water moccasin (8)]
  3810 | D:5      | 3810 ||| READING scroll of teleportation.
  3810 | D:5      | HP: 4/40 [poisoned by a water moccasin]
  3811 | D:5      | Succumbed to a water moccasin's poison

Levels and vault maps discovered:
D:1:      elethiomel_arrival_diamonds, layout_basic,
          hellmonk_ecumenical_altar_prayer_group
D:2:      layout_basic, chequers_big_river
D:3:      layout_basic, gammafunk_ghost_necromancy, uniq_natasha, uniq_sigmund
D:4:      layout_cave_pools, mainiacjoe_overflow_cross_hatched,
          kennysheep_big_empty_room, minmay_starry_boxes, uniq_robin
D:5:      layout_loops_ring, mainiacjoe_overflow_big_doors,
          nicolae_shop_self_help

Skill      XL: |  1  2  3  4  5  6 |
---------------+-------------------+-----
Ranged Weapons | 6 9 10 | 10.0
Dodging        | 3 |  3.3
Fighting       | 2 |  2.1
Armour         | 1 |  1.7
Stealth        | |  1.2

Action                     |  1- 3 |  4- 6 |  7- 9 || total
---------------------------+-------+-------+-------++-------
   Fire: Shortbow          |   124 |   128 |    21 ||   273
  Evoke: Wand              |       |     3 |       ||     3
    Use: Scroll            |     6 |     6 |     1 ||    13
         Potion            |     2 |     2 |       ||     4
 Armour: Leather armour    |    15 |    52 |       ||    67
         Ring mail         |       |       |    16 ||    16
  Dodge: Dodged            |    11 |    57 |    15 ||    83

Table legend:
 A = Non-vault XP
 B = Vault XP
 C = Vault XP percentage of total XP
 D = Non-vault monster count
 E = Vault monster count
 F = Vault count percentage of total count
                 A         B        C        D         E       F
            +---------+---------+-------+---------+---------+-------
      Total |     424 |     332 |  43.9 |      61 |      27 |  30.7
            +---------+---------+-------+---------+---------+-------
        D:1 |      35 |      12 |  25.5 |      19 |       9 |  32.1
        D:2 |      27 |       0 |   0.0 |      15 |       0 |   0.0
        D:3 |     102 |     262 |  72.0 |      12 |       2 |  14.3
        D:4 |     131 |      58 |  30.7 |      14 |      16 |  53.3
        D:5 |     129 |       0 |   0.0 |       1 |       0 |   0.0
            +---------+---------+-------+---------+---------+-------
